 Dungeon Crawl Stone Soup version 0.32-a0-975-g85d4e5bfdb (webtiles) character file.

Game seed: 16539944243262162371

20 Autsider the Covered (level 2, -1/25 HPs)
             Began as an Armataur Fighter on Apr 18, 2024.
             Slain by Sigmund
             ... wielding a +2 heavy scythe
              (17 damage)
             ... on level 2 of the Dungeon.
             The game lasted 00:02:17 (709 turns).

Autsider the Covered (Armataur Fighter)              Turns: 709, Time: 00:02:17

Health: -1/25      AC:  8    Str: 21    XL:     2   Next: 58%
Magic:  2/2        EV:  6    Int:  8    God:
Gold:   30         SH:  0    Dex:  9    Spells: 1/1 levels left

rFire   . . .        a - +0 flail
rCold   . . .        c - +0 buckler
rNeg    . . .        b - +0 scale mail
rPois   .            (no helmet)
rElec   .            (no cloak)
rCorr   .            f - +0 pair of gloves
SInv    .            (no barding)
Will    .....        (no amulet) Stlth
                     (no ring)
HPRegen 0.24/turn    (no ring)
MPRegen 0.08/turn

%: roll
@: confused
A: large, deformed body, tough skin 3, armoured tail, rollpage 1
a: no special abilities


You were on level 2 of the Dungeon.
You visited 1 branch of the dungeon, and saw 2 of its levels.

You collected 30 gold pieces.

Inventory:

Hand Weapons
 a - a +0 flail (weapon)
Missiles
 k - 5 poisoned darts (quivered)
Armour
 b - a +0 scale mail (worn)
 c - a +0 buckler (worn)
 f - a +0 pair of gloves (worn)
Jewellery
 e - a ring of ice
 h - a ring of wizardry
Scrolls
 i - a scroll of fear {unknown}
 j - a scroll of fog {unknown}
Potions
 d - a potion of might
 g - a potion of attraction {unknown}


   Skills:
 + Level 2.9 Fighting
 + Level 2.1 Maces & Flails
 + Level 4.0 Armour
 + Level 3.5 Shields


You had one spell level left.
You didn't know any spells.
Your spell library contained the following spells:

 Spells                   Type           Power      Damage    Failure   Level
 Apportation              Tloc           0%         N/A       80%         1
 Necrotise                Necr           0%         1d4       80%         1
 Sting                    Conj/Alch      0%         1d3       80%         1
 Summon Small Mammal      Summ           0%         N/A       80%         1


Dungeon Overview and Level Annotations

Branches:
Dungeon (2/15)

Altars:

Annotations:
D:2 Sigmund


Innate Abilities, Weirdness & Mutations

Armour fits poorly on your strangely shaped body.
You have extremely tough skin. (AC +3)
You have a long armoured tail.
You regenerate magic when rolling toward enemies. (Rampage MPRegen)


Message History

There is a stone staircase leading down here.
You climb downwards.
There is a stone staircase leading up here.
As you open the door, it creaks loudly!
You open the door.
Sigmund the Dreaded comes into view.
He is wielding a +2 heavy scythe and wearing a +1 robe of positive energy.
Sigmund shouts!
There is an open door here.
You roll towards Sigmund!
You closely miss Sigmund.
Sigmund hits you with a +2 heavy scythe!
You hit Sigmund but do no damage. You closely miss Sigmund.
Sigmund closely misses you.
You sock Sigmund!
You tail-slap Sigmund, but do no damage.
Sigmund is moderately wounded.
You closely miss Sigmund.
Sigmund is moderately wounded.
You block Sigmund's attack.
You hit Sigmund.
Sigmund is heavily wounded.
Sigmund hits you but does no damage.
You closely miss Sigmund.
Sigmund is heavily wounded.
You closely miss Sigmund.
Sigmund is heavily wounded.
Sigmund gestures at you while chanting. The magic dart hits you.
* * * LOW HITPOINT WARNING * * *
You hit Sigmund but do no damage.
Sigmund is heavily wounded.
Sigmund gestures at you while chanting.
You are confused.
Sigmund gestures wildly while chanting.
Sigmund flickers and vanishes!
Deactivating autopickup; reactivate with Ctrl-A.
You miss something. Something completely misses you.
You miss something. You completely miss something. Something hits you!
Ouch! That really hurt!
You die...

##.....##
##.......##
...####.........#
......'.........+
...####.........#
##.......##
##.....## ##...##
##@## #{# #?# #.#
... ... ... .....


There were no monsters in sight!

Vanquished Creatures
  A dart slug (D:1)
  4 endoplasms (D:1)
  A goblin (D:1)
  2 hobgoblins (D:1)
  A quokka (D:1)
  2 ball pythons (D:1)
  2 bats (D:1)
  3 rats (D:1)
16 creatures vanquished.

Notes
Turn   | Place    | Note
-------+----------+-------------------------------------------
     0 | D:1      | Autsider the Armataur Fighter began the quest for the Orb.
     0 | D:1      | Reached XP level 1. HP: 18/18 MP: 1/1
    98 | D:1      | Reached XP level 2. HP: 23/25 MP: 2/2
   329 | D:1      | Reached skill level 4 in Armour
   692 | D:2      | Noticed Sigmund
   709 | D:2      | Slain by Sigmund

Illustrated notes

Levels and vault maps discovered:
D:1:      lightli_arrival_lavapool, layout_rooms
D:2:      layout_loops_corners, hangedman_glass_teeth, uniq_sigmund

Skill      XL: |  1  2 |
---------------+-------+-----
Maces & Flails | 2 |  2.1
Armour         | 4 |  4.0
Fighting       | |  2.9
Shields        | |  3.5

Action                     || total
---------------------------++-------
  Melee: Flail             ||    54
         Tailslap          ||     4
 Armour: Scale mail        ||    38
  Dodge: Dodged            ||    10
  Block: Buckler           ||     8

Table legend: (Time is in decaauts)
 A = Elapsed time spent in this place.
 B = Non-inter-level travel time spent in this place.
 C = Inter-level travel time spent in this place.
 D = Time resting spent in this place.
 E = Time spent auto-exploring this place.
 F = Levels seen in this place.
 G = Mean time per level.
                   A        B        C        D        E       F      G
               +--------+--------+--------+--------+--------+-----+--------+
         Total |    726 |    656 |     70 |      0 |    509 |   2 |  363.0 |
       Dungeon |    726 |    656 |     70 |      0 |    509 |   2 |  363.0 |
               +--------+--------+--------+--------+--------+-----+--------+

Top non-repeatable levels by time:
     D:1: 695 daAuts
     D:2: 31 daAuts
